 Dungeon Crawl Stone Soup version 0.30.0-19-g36f170ea60 (webtiles) character file.

Game seed: 6490490685792641712

1372 Peloso the Slasher (level 8, -10/70 HPs)
             Began as a Minotaur Fighter on May 28, 2023.
             Mangled by a slime creature (13 damage)
             ... on level 5 of the Dungeon.
             The game lasted 00:08:35 (4923 turns).

Peloso the Slasher (Minotaur Fighter)               Turns: 4923, Time: 00:08:36

Health: -10/70     AC: -1    Str: 24    XL:     8   Next: 38%
Magic:  7/7        EV:  9    Int:  5    God:
Gold:   273        SH:  5    Dex: 12    Spells: 7/7 levels left

rFire   . . .        a - +0 long sword
rCold   + . .        e - +0 buckler
rNeg    . . .        c - +2 chain mail of Hedge Wizardry {Str+3}
rPois   .            (helmet restricted)
rElec   .            (no cloak)
rCorr   .            q - +0 pair of gloves
SInv    .            (no boots)
Will    .....        (no amulet) Stlth
                     t - ring of protection from cold
HPRegen 0.31/turn    (no ring)
MPRegen 0.10/turn

%: no passive effects
@: corroded
A: horns 2, retaliatory headbutt
a: no special abilities


You were on level 5 of the Dungeon.
You visited 1 branch of the dungeon, and saw 5 of its levels.
You also visited: Sewer.

You collected 273 gold pieces.

Inventory:

Hand Weapons
 a - a +0 long sword (weapon)
Armour
 b - a +0 scale mail
 c - the +2 chain mail of Hedge Wizardry (worn) {Str+3}
   (You found it on level 2 of the Dungeon)

   Str:       It affects your strength (+3).
 e - a +0 buckler (worn)
 q - a +0 pair of gloves (worn)
Jewellery
 t - a ring of protection from cold (left hand)
Wands
 k - a wand of iceblast (16)
 x - a wand of paralysis (6)
Scrolls
 f - a scroll of butterflies {unknown}
 g - a scroll of blinking {unknown}
 h - a scroll of teleportation {unknown}
 i - 4 scrolls of identify
 j - a scroll of fog {unknown}
 m - 3 scrolls of magic mapping {unknown}
 o - 2 scrolls of silence
 s - a scroll of vulnerability {unknown}
 v - a scroll of enchant armour {unknown}
 w - a scroll of torment {unknown}
Potions
 d - 2 potions of might
 n - 2 potions of flight
 p - a potion of curing
 r - 2 potions of mutation
 u - a potion of resistance {unknown}


   Skills:
 + Level 6.2 Fighting
 + Level 7.8 Long Blades
 + Level 7.6 Armour
 + Level 2.0 Dodging
 + Level 0.4 Stealth
 + Level 5.5 Shields


You had 7 spell levels left.
You didn't know any spells.
Your spell library contained the following spells:

 Spells                   Type           Power      Damage    Failure   Level
 Freeze                   Ice            0%         1d3       96%         1
 Blink                    Tloc           0%         N/A       99%         2
 Lesser Beckoning         Tloc           0%         N/A       99%         2
 Momentum Strike          Conj/Tloc      0%         3d8       99%         2
 Call Canine Familiar     Summ           0%         N/A       100%        3
 Frozen Ramparts          Ice            0%         1d1       100%        3
 Hailstorm                Conj/Ice       0%         3d3       100%        3
 Portal Projectile        Hex/Tloc       0%         N/A       100%        3
 Leda's Liquefaction      Hex/Erth       0%         N/A       100%        4


Dungeon Overview and Level Annotations

Branches:
Dungeon (5/15)             Temple (0/1) D:5           Sewer (visited)

Altars:
Dithmenos
Fedhas
Nemelex Xobeh
Qazlal
Sif Muna
Wu Jian
Yredelemnul
Zin
The Shining One


Innate Abilities, Weirdness & Mutations

You have a pair of horns on your head.
You reflexively headbutt those who attack you in melee.


Message History

The jelly hits you. The acid corrodes you!
You are splashed with acid!
You hit the jelly but do no damage.
Your hands burn!
The jelly is almost dead.
The jelly hits you. The acid corrodes you!
You are splashed with acid!
* * * LOW HITPOINT WARNING * * *
You feel much better. The jelly hits you.
You are splashed with acid.
You slash the jelly!
You kill the jelly!
You hit the slime creature but do no damage.
The slime creature hits you!
You hit the slime creature but do no damage.
The slime creature jiggles.
The slime creature hits you! The slime creature barely misses you.
You hit the slime creature but do no damage.
The slime creature barely misses you.
You hit the slime creature.
You headbutt the slime creature, but do no damage.
The slime creature is lightly wounded.
The slime creature hits you!
* * * LOW HITPOINT WARNING * * *
You feel much better. The slime creature hits you!!
* * * LOW HITPOINT WARNING * * *
You barely miss the slime creature.
The slime creature is lightly wounded.
The slime creature hits you!
* * * LOW HITPOINT WARNING * * *
Unknown command.
You feel much better. The slime creature hits you.
There is an open door, spattered with blood here.
The slime creature attacks as you move away!
The slime creature hits you!!
* * * LOW HITPOINT WARNING * * *
Okay, then.
Okay, then.
You feel better. The slime creature hits you!
* * * LOW HITPOINT WARNING * * *
You hit the slime creature but do no damage.
The slime creature is lightly wounded.
The slime creature hits you!
You die...

................<.# #........
.......#####......# ##........
.##.#### ######.# ##.........
..).# ###### #.....<.###
..#.##!.÷...##)#########......#
#...##......#.#.#....####.....#
######.J..÷÷#J#J#.....##...#.####
...# #..P÷J.#.#J#......'.........
...###.÷....#J#.@......'..##.....
....##....÷.#J#........'.####....
....##....÷.#J#.......##.........
...###...J...##......######......
....##......########## #..))#....
#...######## ######....
##..####### ##### ##.......##
###.##.....#..


You could see a slime creature and a jelly.

Vanquished Creatures
  A slime creature (D:5)
  A black bear (D:5)
  An ogre (D:5)
  6 kobold brigands
  A scorpion (D:5)
  A hound (D:5)
  7 jellies
  A sleepcap (D:4)
  3 iguanas (D:5)
  4 gnolls (D:4)
  4 adders
  5 river rats
  A dart slug (D:3)
  5 orcs
  5 ball pythons
  5 bats
  10 endoplasms
  4 giant cockroaches
  5 goblins
  10 hobgoblins
  6 jackals
  9 kobolds
  3 quokkas
  5 frilled lizards
  14 rats
117 creatures vanquished.

Notes
Turn   | Place    | Note
-------+----------+-------------------------------------------
     0 | D:1      | Peloso the Minotaur Fighter began the quest for the Orb.
     0 | D:1      | Reached XP level 1. HP: 19/19 MP: 0/0
   111 | D:1      | Reached XP level 2. HP: 27/27 MP: 1/1
   334 | D:1      | Found a faded altar of an unknown god.
   986 | D:2      | Found a basalt altar of Yredelemnul.
  1001 | D:2      | Reached skill level 1 in Dodging
  1001 | D:2      | Reached XP level 3. HP: 27/33 MP: 2/2
  1409 | D:2      | Reached XP level 4. HP: 41/41 MP: 3/3
  1418 | D:2      | Identified the +2 chain mail of Hedge Wizardry {Str+3}
  1910 | D:3      | Found a glowing drain.
  1915 | Sewer    | Entered a sewer
  1934 | Sewer    | Reached XP level 5. HP: 28/47 MP: 4/4
  2077 | Sewer    | Reached skill level 5 in Fighting
  2389 | Sewer    | Reached skill level 5 in Armour
  2389 | Sewer    | Reached XP level 6. HP: 36/56 MP: 5/5
  2472 | Sewer    | Found a white marble altar of Elyvilon.
  2536 | D:3      | Found a glowing silver altar of Zin.
  2681 | D:3      | Found a sparkling altar of Nemelex Xobeh.
  2813 | D:3      | Found a shimmering blue altar of Sif Muna.
  3045 | D:3      | Found an ornate altar of the Wu Jian Council.
  3103 | D:4      | Reached skill level 5 in Long Blades
  3155 | D:4      | Found a blossoming altar of Fedhas.
  3247 | D:4      | Found a stormy altar of Qazlal.
  3370 | D:4      | Found a glowing golden altar of the Shining One.
  3953 | D:4      | Found a shadowy altar of Dithmenos.
  4125 | D:5      | Entered Level 5 of the Dungeon
  4348 | D:5      | Reached XP level 7. HP: 58/61 MP: 6/6
  4512 | D:5      | Reached skill level 5 in Shields
  4541 | D:5      | Found a staircase to the Ecumenical Temple.
  4603 | D:5      | Reached XP level 8. HP: 46/70 MP: 7/7
  4723 | D:5      | Noticed a slime creature
  4723 | D:5      | Noticed a slime creature
  4745 | D:5      | Killed a slime creature
  4921 | D:5      | HP: 1/70 [slime creature (22)]
  4923 | D:5      | Mangled by a slime creature

Illustrated notes

Levels and vault maps discovered:
D:1:      mrwooster_arrival_arrow, layout_basic, chequers_ecumenical_altar_lobes
D:2:      layout_basic, basic_altar, minmay_tree_intersection
D:3:      layout_loops_cross, mainiacjoe_overflow_paths, lemuel_crystal_altar,
          nzn_wu_jian_council_hall, mainiacjoe_overflow_24_doors,
          portal_sewer_entry_c, st_stairs_12, dreamdust_wishing_well
D:4:      layout_basic, nicolae_tso_carved_into_rock, grunt_qazlal_clouds,
          nicolae_dithmenos_through_a_glass_darkly,
          mainiacjoe_overflow_six_doors_small, serial_forest,
          infiniplex_forest_corner_2, infiniplex_forest_straight_2,
          infiniplex_forest_end_2, infiniplex_forest_clump_double,
          infiniplex_forest_clump_curved
D:5:      cheibrodos_fertilizer, layout_rooms, temple_doors_e

Skill      XL: |  1  2  3  4  5  6  7  8 |
---------------+-------------------------+-----
Shields        | 4 5 |  5.5
Fighting       | 4 5 6 |  6.2
Dodging        | 1 2 |  2.0
Armour         | 4 5 6 7 |  7.6
Long Blades    | 3 4 5 6 7 |  7.8
Stealth        | |  0.4

Action                     |  1- 3 |  4- 6 |  7- 9 || total
---------------------------+-------+-------+-------++-------
  Melee: Long sword        |    78 |   199 |    87 ||   364
         Headbutt          |     8 |    62 |    15 ||    85
  Evoke: Wand              |       |     1 |       ||     1
    Use: Potion            |     2 |     1 |     4 ||     7
         Scroll            |     1 |     2 |       ||     3
 Armour: Scale mail        |    34 |       |       ||    34
         Chain mail        |       |    63 |    37 ||   100
  Dodge: Dodged            |    46 |    48 |    38 ||   132
  Block: Buckler           |    21 |    39 |    10 ||    70
